 Dungeon Crawl Stone Soup version 0.22.1-1-ga44c0e5 (webtiles) character file.

19163 Wilfredo the Arsonist (level 12, 0/94 HPs)
             Began as a Yellow Draconian Fire Elementalist on Oct 8, 2018.
             Was a High Priest of Sif Muna.
             Engulfed by a cloud of flame (12 damage)
             ... on level 4 of the Lair of Beasts on Oct 11, 2018.
             The game lasted 02:20:20 (18395 turns).

Wilfredo the Arsonist (DrFE)                       Turns: 18395, Time: 02:20:21

Health: 0/94       AC: 11    Str: 11    XL:     12   Next: 34%
Magic:  22/26      EV: 15    Int: 18    God:    Sif Muna [*****.]
Gold:   475        SH:  4    Dex: 14    Spells: 1/31 levels left

rFire    + . .     SeeInvis .   g - staff of fire
rCold    . . .     Gourm    .   (no shield)
rNeg     + . .     Faith    .   (armour unavailable)
rPois    +         Spirit   .   (helmet restricted)
rElec    .         Reflect  +   K - +2 cloak
rCorr    +         Harm     .   (no gloves)
MR       .....                  (no boots)
Stlth    +++.......             w - +4 amulet of reflection
HPRegen  0.25/turn              S - ring of positive energy
MPRegen  0.20/turn              m - ring of poison resistance

@: lethally poisoned (0 -> -1)
A: spit acid, acid resistance, unfitting armour, cold-blooded, AC +8
a: Breathe Acid, Divine Energy, Channel Magic, Forget Spell, Renounce Religion


You were on level 4 of the Lair of Beasts.
You worshipped Sif Muna.
Sif Muna was extremely pleased with you.
You were not hungry.

You visited 3 branches of the dungeon, and saw 15 of its levels.

You collected 807 gold pieces.
You spent 332 gold pieces at shops.

Inventory:

Hand Weapons
 x - a +3 quarterstaff of speed
 A - the cursed +3 dagger "Vicustan" {freeze, rElec, unknown}
   (You found it on level 3 of the Lair of Beasts)

   It has been specially enchanted to freeze those struck by it, causing extra
   injury to most foes and up to half again as much damage against particularly
   susceptible opponents.
   It can also slow down cold-blooded creatures.
   It insulates you from electricity.
   It has a curse placed upon it.
 D - a +2 hunting sling of flaming
 J - the +5 war axe of Risk Management {speed, *Rage MR++ Str+6}
   (You found it on level 7 of the Dungeon)

   Attacks with this weapon are significantly faster.
   It affects your strength (+6).
   It affects your resistance to hostile enchantments.
   It may make you go berserk in combat.
 M - a +3 longbow of flaming
 Q - a +0 lajatang of draining
 T - a +0 blowgun
Missiles
 a - 405 stones
 f - 13 poisoned needles
 i - 55 sling bullets
 k - 218 arrows
 q - 100 bolts
 C - a throwing net
 E - 9 tomahawks (quivered)
 U - 6 curare-tipped needles
Armour
 K - a +2 cloak (worn)
Magical Staves
 g - an uncursed staff of fire (weapon)
 Y - an uncursed staff of cold
Jewellery
 m - a ring of poison resistance (right hand)
 v - an uncursed ring of resist corrosion {unknown}
 w - a +4 amulet of reflection (around neck)
 y - an uncursed amulet of harm
 G - an uncursed ring of magical power {unknown}
 I - an uncursed amulet of guardian spirit
 R - a +3 amulet of reflection
 S - a ring of positive energy (left hand)
Wands
 o - a wand of flame (82)
 B - a wand of polymorph (44)
 F - a wand of random effects (79)
 H - a wand of enslavement (10)
 L - a wand of digging (8)
 P - a wand of iceblast (19)
 V - a wand of disintegration (24)
Scrolls
 d - 4 scrolls of magic mapping
 j - 3 scrolls of noise
 u - a scroll of identify
 z - a scroll of amnesia
 O - 7 scrolls of remove curse
 Z - a scroll of fear
Potions
 c - 4 potions of lignification
 e - 2 potions of curing
 h - a potion of berserk rage
 l - a potion of resistance
 n - a potion of brilliance
 p - a potion of haste
 r - 2 potions of cancellation
 s - a potion of magic
 t - 4 potions of flight
 N - a potion of might
Miscellaneous
 W - a crystal ball of energy
Comestibles
 b - 12 rations


   Skills:
 + Level 5.3 Fighting
 + Level 0.6 Short Blades
   Level 0.1(2.8) Maces & Flails
 + Level 4.6 Staves
 + Level 2.4(2.6) Slings
 + Level 1.0(1.9) Throwing
 + Level 5.6 Dodging
 + Level 4.5 Stealth
 + Level 0.3 Unarmed Combat
 + Level 10.2 Spellcasting
 + Level 9.1 Conjurations
 + Level 2.0 Hexes
 + Level 10.3 Fire Magic
 + Level 0.1 Ice Magic
 + Level 2.4 Air Magic
 + Level 1.3 Evocations


You had one spell level left.
You knew the following spells:

 Your Spells              Type           Power        Failure   Level  Hunger
a - Flame Tongue          Conj/Fire      #####        1%          1    None
b - Sticks to Snakes      Tmut           #.......     12%         2    None
c - Conjure Flame         Conj/Fire      ######..     1%          3    None
d - Inner Flame           Hex/Fire       #####...     1%          3    None
e - Sticky Flame          Conj/Fire      ######..     1%          4    ###....
f - Dazzling Spray        Conj/Hex       ####..       2%          3    None
g - Tukima's Dance        Hex            ###.....     10%         3    None
h - Shock                 Conj/Air       ####         1%          1    None
i - Fireball              Conj/Fire      ######....   4%          5    #####..
j - Ensorcelled Hibernat  Hex/Ice        ##....       8%          2    None
k - Magic Dart            Conj           ####         1%          1    None
l - Searing Ray           Conj           #####.       1%          2    None

Your spell library contained the following spells:

 Spells                   Type           Power        Failure   Level  Hunger
 Corona                   Hex            ###....      3%          1    None
 Throw Flame              Conj/Fire      ######       1%          2    None
 Iskenderun's Mystic Bla  Conj           #####...     1%          4    ###....
 Static Discharge         Conj/Air       ####....     2%          3    None
 Swiftness                Chrm/Air       ##......     7%          2    None
 Fulminant Prism          Conj/Hex       ####......   8%          4    ###....
 Confuse                  Hex            ###.....     10%         3    None
 Force Lance              Conj/Tloc      ####....     12%         4    ###....
 Lightning Bolt           Conj/Air       ####......   21%         5    #####..
 Spider Form              Tmut/Pois      #.........   24%         3    None
 Airstrike                Air            ###.......   28%         4    ###....
 Summon Lightning Spire   Summ/Air       ##......     43%         4    ###....
 Ice Form                 Ice/Tmut       #.......     58%         4    ###....
 Silence                  Hex/Air        ###.......   65%         5    #####..
 Conjure Ball Lightning   Conj/Air       ####......   75%         6    ######.
 Deflect Missiles         Chrm/Air       ##........   100%        6    ######.
 Dragon Form              Tmut           #.........   100%        7    #######
 Tornado                  Air            ###.......   100%        9    #######


Dungeon Overview and Level Annotations

Branches:
Dungeon (10/15)            Temple (1/1) D:6            Lair (4/6) D:8
  Swamp: Lair:2-4    Shoals: Lair:2-4     Snake: Lair:2-4    Spider: Lair:2-4
    Orc: D:9-12

Altars:
Cheibriados
Elyvilon
Fedhas
Hepliaklqana
Kikubaaqudgha
Makhleb
Sif Muna
Trog
Uskayaw
Vehumet
Xom
Yredelemnul

Shops:
D:4 !   D:6 !!:=

Annotations:
D:5 3 runed doors, trianova's ghost, novice VSFi
Lair:2 1 runed door, emiel's ghost, journeyman MfSk


Innate Abilities, Weirdness & Mutations

You can spit globs of acid.
You are resistant to acid.
Your golden yellow scales are hard. (AC +8)
You cannot fit into any form of body armour.
You are cold-blooded and may be slowed by cold attacks.


Message History

* * * LOW HITPOINT WARNING * * *
Casting: Conjure Flame (safe; 1% risk of failure)
Confirm with . or Enter, or press ? or * to list all spells.
Aiming: Inner Flame (safe; 1% risk of failure)
Press: ? - help, Shift-Dir - straight line, f - yak
Aim: a yak (flame, severely wounded, chance to defeat MR: 92%)
You feel a surge of power!
The yak is filled with an inner flame.
The yak is engulfed in blazing flames.
The yak explodes!
The fiery explosion engulfs the meliai.
You kill the meliai!
Sif Muna accepts your kill.
Sif Muna will gift you books as you gain piety.
Your Hexes skill increases to level 2!
The fiery explosion engulfs you! You resist.
* * * LOW HITPOINT WARNING * * *
Sif Muna accepts your kill.
You are engulfed in blazing flames.
You resist.
You are engulfed in blazing flames.
You resist.
You die...

...# #........##
YH.## #........#
....#### #.....)..##
...+...###...<.....##
...##..#Y)..........#
...###...'........###
...# ####P........#
..)/ ##...)<.§§# ...#
#......@§## .##
###.#..##§# #
#.######## ##


There were no monsters in sight!

Vanquished Creatures
  Fannar (Lair:2)
  Sonja (Lair:1)
  A torpor snail (Lair:2)
  3 black mambas
  A spiny frog (Lair:1)
  5 komodo dragons
  4 rime drakes
  A queen bee (Lair:4)
  3 trolls
  2 meliai (Lair:4)
  A polar bear (Lair:2)
  Prince Ribbit (D:8)
  4 blink frogs (Lair:1)
  7 hippogriffs
  2 spriggans (Lair:2)
  2 wyverns
  9 yaks
  A steam dragon (D:7)
  5 water moccasins
  4 porcupines
  An ice beast (D:9)
  4 orc warriors
  4 black bears
  A sky beast (D:6)
  3 phantoms
  4 ogres
  3 centaurs
  4 wolves
  14 crocodiles
  9 bullfrogs
  A big kobold (D:8)
  14 killer bees
  3 howler monkeys
  An electric eel (Lair:3)
  4 crimson imps
  2 bullfrog zombies
  6 hounds
  A quasit (D:7)
  4 orc priests
  2 centaur skeletons
  A jelly (D:5)
  7 orc wizards
  Ijyb (D:3)
  2 iguanas
  Natasha (thrice) (D:2)
  11 worker ants
  A hound zombie (D:5)
  Robin (D:2)
  12 adders
  4 gnolls (D:5)
  An ooze (D:1)
  An adder zombie (D:5)
  An adder skeleton (D:5)
  A worm (D:3)
  2 dart slugs
  5 leopard geckos
  23 orcs
  4 giant cockroaches
  13 goblins
  6 hobgoblins
  10 jackals
  10 kobolds
  7 quokkas
  2 ball pythons
  4 bats
  11 frilled lizards
  2 jackal skeletons
  A leopard gecko skeleton (D:8)
  A leopard gecko zombie (D:6)
  3 quokka skeletons
  A quokka zombie (D:9)
  10 rats
  A fungus (Lair:2)
  A plant (D:2)
307 creatures vanquished.

Vanquished Creatures (collateral kills)
  A meliai (Lair:4)
  3 yaks (Lair:4)
4 creatures vanquished.

Vanquished Creatures (others)
  Nessos (Lair:4)
  A komodo dragon (Lair:4)
  A bush (Lair:4)
  12 fungi
  3 plants (Lair:4)
  2 withered plants (Lair:2)
20 creatures vanquished.

Grand Total: 331 creatures vanquished

Notes
Turn   | Place    | Note
-------+----------+-------------------------------------------
     0 | D:1      | Wilfredo the Draconian Fire Elementalist began the quest
                  | for the Orb.
     0 | D:1      | Reached XP level 1. HP: 14/14 MP: 3/3
   203 | D:1      | Reached XP level 2. HP: 18/20 MP: 1/5
   207 | D:1      | Learned a level 2 spell: Throw Flame
   658 | D:1      | Reached XP level 3. HP: 26/26 MP: 4/6
   667 | D:1      | Learned a level 3 spell: Conjure Flame
  1300 | D:2      | Noticed Robin
  1562 | D:2      | Found a blossoming altar of Fedhas.
  1751 | D:2      | Noticed Natasha
  1764 | D:2      | Killed Natasha
  1764 | D:2      | Reached XP level 4. HP: 20/33 MP: 4/8
  2081 | D:3      | Found a faded altar of an unknown god.
  2324 | D:3      | Learned a level 3 spell: Inner Flame
  2707 | D:3      | Noticed Ijyb
  2763 | D:3      | Killed Ijyb
  2946 | D:4      | Reached XP level 5. HP: 33/39 MP: 7/9
  3048 | D:4      | Found a burning altar of Makhleb.
  4064 | D:4      | Reached XP level 6. HP: 39/46 MP: 4/11
  4131 | D:4      | Found Upluewed's Distillery.
  4143 | D:4      | Bought a potion of degeneration for 12 gold pieces
  4143 | D:4      | Bought a potion of heal wounds for 60 gold pieces
  4143 | D:4      | Bought a potion of heal wounds for 60 gold pieces
  4487 | D:2      | Noticed Natasha
  4494 | D:2      | Killed Natasha
  4570 | D:2      | Killed Robin
  4647 | D:2      | Noticed Natasha
  4652 | D:2      | Killed Natasha
  4652 | D:2      | Reached skill level 1 in Staves
  4925 | D:5      | Entered Level 5 of the Dungeon
  4943 | D:5      | Found a basalt altar of Yredelemnul.
  4946 | D:5      | Found a bloodstained altar of Trog.
  5177 | D:5      | Reached skill level 1 in Fighting
  5210 | D:5      | Your scales start taking on a golden yellow colour.
  5210 | D:5      | Reached XP level 7. HP: 41/52 MP: 0/13
  5355 | D:5      | Reached skill level 1 in Slings
  5554 | D:5      | Found a hide-covered altar of Uskayaw.
  5577 | D:5      | Reached skill level 5 in Fire Magic
  6067 | D:5      | Found a runed gate.
  6067 | D:5      | Found a runed gate.
  6071 | D:5      | Found a runed gate.
  6072 | D:5      | Noticed trianova's ghost (novice VSFi)
  6301 | D:6      | Found Laekalic's Distillery.
  6304 | D:6      | Bought a potion of heal wounds for 75 gold pieces
  6304 | D:6      | Bought a potion of curing for 45 gold pieces
  6323 | D:6      | Learned a level 4 spell: Sticky Flame
  6404 | D:6      | Reached XP level 8. HP: 59/59 MP: 4/15
  6478 | D:6      | Found Seoha's Distillery.
  6486 | D:6      | Bought a potion of magic for 80 gold pieces
  6499 | D:6      | Found Zauxtum's Book Shoppe.
  6550 | D:6      | Reached skill level 5 in Spellcasting
  6657 | D:6      | Found Buoquet's Jewellery Shoppe.
  7040 | D:6      | Learned a level 3 spell: Dazzling Spray
  7301 | D:6      | Noticed a troll
  7310 | D:6      | Killed a troll
  7310 | D:6      | Reached XP level 9. HP: 65/68 MP: 9/18
  7414 | D:6      | Learned a level 3 spell: Tukima's Dance
  7416 | D:6      | Learned a level 1 spell: Shock
  7490 | D:6      | Found a staircase to the Ecumenical Temple.
  7496 | Temple   | Entered the Ecumenical Temple
  7518 | Temple   | Became a worshipper of Sif Muna the Loreminder
  7685 | D:7      | Reached skill level 5 in Conjurations
  8041 | D:7      | Reached skill level 1 in Air Magic
  8347 | D:7      | Got a steaming war axe
  8595 | D:8      | Reached * piety under Sif Muna
  8595 | D:8      | Reached skill level 1 in Hexes
  8769 | D:8      | Noticed a troll
  8778 | D:8      | Killed a troll
  9178 | D:8      | Found a staircase to the Lair.
  9296 | D:8      | Reached XP level 10. HP: 23/77 MP: 8/20
  9745 | D:8      | Reached ** piety under Sif Muna
 10077 | D:8      | Noticed Prince Ribbit
 10082 | D:8      | Killed Prince Ribbit
 10335 | Lair:1   | Entered Level 1 of the Lair of Beasts
 11299 | D:9      | Learned a level 5 spell: Fireball
 12546 | D:10     | Entered Level 10 of the Dungeon
 12827 | Lair:1   | Noticed a spiny frog
 12853 | Lair:1   | Killed a spiny frog
 13012 | Lair:1   | Noticed Sonja
 13018 | Lair:1   | Killed Sonja
 13018 | Lair:1   | Reached *** piety under Sif Muna
 13226 | Lair:1   | Reached XP level 11. HP: 72/82 MP: 19/23
 13285 | Lair:1   | Identified the +5 war axe of Risk Management {speed, *Rage
                  | MR++ Str+6} (You found it on level 7 of the Dungeon)
 13336 | Lair:1   | Learned a level 2 spell: Ensorcelled Hibernation
 15061 | Lair:2   | Noticed Fannar
 15087 | Lair:2   | Killed Fannar
 15087 | Lair:2   | Reached **** piety under Sif Muna
 15332 | Lair:2   | Reached skill level 5 in Dodging
 16145 | Lair:2   | Found a runed door.
 16146 | Lair:2   | Noticed emiel's ghost (journeyman MfSk)
 16513 | Lair:2   | Reached skill level 5 in Fighting
 17177 | Lair:3   | Reached XP level 12. HP: 94/94 MP: 23/25
 17338 | Lair:3   | Got a shimmering dagger
 17473 | Lair:3   | Learned a level 3 spell: Static Discharge
 17616 | Lair:3   | Learned a level 1 spell: Magic Dart
 17619 | Lair:3   | Learned a level 2 spell: Searing Ray
 17648 | Lair:3   | Found the +9 scales of the Dragon King {rPois rF+ rC+ MR+}
 17894 | Lair:4   | Reached skill level 1 in Throwing
 17904 | Lair:4   | Noticed a catoblepas
 17965 | Lair:4   | Reached skill level 10 in Fire Magic
 17972 | Lair:4   | Reached skill level 10 in Spellcasting
 18005 | Lair:4   | Noticed Nessos
 18007 | Lair:4   | HP: 6/141 [komodo dragon (5)]
 18010 | Lair:4   | Reached ***** piety under Sif Muna
 18013 | Lair:4   | Killed Nessos
 18013 | Lair:4   | Identified Fitutt's Volume of Igneous Transformation (Sif
                  | Muna gifted it to you on level 4 of the Lair of Beasts)
 18013 | Lair:4   | Received a gift from Sif Muna
 18013 | Lair:4   | Reached skill level 1 in Evocations
 18140 | Lair:4   | Learned a level 2 spell: Sticks to Snakes
 18395 | Lair:4   | Engulfed by a cloud of flame

Skill      XL: |  1  2  3  4  5  6  7  8  9 10 11 12 |
---------------+-------------------------------------+-----
Dodging        | 2 3 4 5 |  5.6
Stealth        | 2 3 4 |  4.5
Spellcasting   | 3 4 6 7 8 9 10 | 10.2
Fire Magic     | 4 5 6 7 8 9 10 | 10.3
Conjurations   | 2 3 4 5 7 8 9 |  9.1
Staves         | 1 2 3 4 |  4.6
Fighting       | 1 2 3 5 |  5.3
Slings         | 1 2 |  2.4
Air Magic      | 1 2 |  2.4
Hexes          | 1 2 |  2.0
Throwing       | 1 |  1.0
Evocations     | 1 |  1.3
Short Blades   | |  0.6
Maces & Flails | |  0.1
Unarmed Combat | |  0.3
Ice Magic      | |  0.1

Action                   |  1- 3 |  4- 6 |  7- 9 | 10-12 || total
-------------------------+-------+-------+-------+-------++-------
Melee: Unarmed           |    27 |       |       |       ||    27
       Tailslap          |    11 |    28 |    10 |    16 ||    65
       Dagger            |    62 |    48 |       |       ||   110
       Club              |     1 |       |       |       ||     1
       Quarterstaff      |       |    12 |     5 |     3 ||    20
       Staff             |       |   104 |   112 |   118 ||   334
       Lajatang          |       |       |       |    16 ||    16
 Fire: Hunting sling     |       |     4 |     8 |     6 ||    18
Throw: Stone             |       |    17 |    12 |       ||    29
       Tomahawk          |       |       |       |     5 ||     5
 Cast: Flame Tongue      |    60 |    90 |   162 |   288 ||   600
       Throw Flame       |     8 |    12 |    20 |    45 ||    85
       Conjure Flame     |       |     6 |     5 |    13 ||    24
       Inner Flame       |       |     3 |     2 |     5 ||    10
       Sticky Flame      |       |       |     5 |     3 ||     8
       Dazzling Spray    |       |       |     4 |     5 ||     9
       Shock             |       |       |    12 |    31 ||    43
       Fireball          |       |       |       |    15 ||    15
       Ensorcelled Hiber |       |       |       |     3 ||     3
       Searing Ray       |       |       |       |     6 ||     6
 Abil: Breathe Acid      |       |       |    16 |    15 ||    31
Evoke: Wand              |       |       |       |    13 ||    13
  Use: Scroll            |     3 |     6 |     9 |    17 ||    35
       Potion            |     1 |     8 |     3 |     7 ||    19
 Stab: Sleeping          |       |     1 |     2 |       ||     3
  Eat: Chunk             |     4 |    12 |    14 |    25 ||    55
       Ration            |       |       |     1 |     3 ||     4
Armor: Skin              |    41 |    34 |    66 |    63 ||   204
Dodge: Dodged            |    79 |    86 |   156 |   185 ||   506
Block: Other             |       |       |       |    30 ||    30
       Reflection        |       |       |       |     2 ||     2
